 Dungeon Crawl Stone Soup version 0.31-a0-1204-ge2c1a860ed (webtiles) character file.

Game seed: 15995201032771576453

1614 olourkin the Trooper (level 8, 0/62 (64) HPs)
             Began as a Demonspawn Hedge Wizard on Dec 13, 2023.
             Slain by a wight
             ... wielding a +2 scimitar
              (2 damage)
             ... on level 5 of the Dungeon.
             The game lasted 00:26:31 (7143 turns).

olourkin the Trooper (Demonspawn Hedge Wizard)      Turns: 7143, Time: 00:26:31

HP:   0/62 (64)     AC:  5    Str: 12    XL:     8   Next: 64%
MP:   10/12         EV: 17    Int:  9    God:
Gold: 438           SH:  4    Dex: 14    Spells: 8/13 levels left

rFire   + . .        E - +7 dagger "Yneaxug" {heavy, +Blink rF+ rC+ Int-5}
rCold   + . .        (no shield)
rNeg    . . .        b - +0 robe
rPois   .            c - +0 hat
rElec   .            (no cloak)
rCorr   .            (no gloves)
SInv    .            w - +0 pair of boots
Will    .....        (no amulet)
Stlth   ++           a - +5 ring of evasion
HPRegen 0.30/turn    (no ring)
MPRegen 0.13/turn

%: no passive effects
@: lightly drained
A: molten scales 1, spiny 1, condensation shield, weakness stinger 2
a: Evoke Blink


You were on level 5 of the Dungeon.
You visited 2 branches of the dungeon, and saw 8 of its levels.

You collected 438 gold pieces.

Inventory:

Hand Weapons
 k - a +1 whip of venom
 r - a +2 vampiric short sword
 E - the +7 dagger "Yneaxug" (weapon) {heavy, +Blink rF+ rC+ Int-5}
   (You took it off an orc on level 5 of the Dungeon)

   Int-5:     It affects your intelligence (-5).
   rF+:       It protects you from fire.
   rC+:       It protects you from cold.
   +Blink:    It lets you blink.
Missiles
 e - 112 stones
 p - 4 javelins
 x - 3 curare-tipped darts
 z - 8 poisoned darts
 D - 4 silver javelins
Armour
 b - a +0 robe (worn)
 c - a +0 hat (worn)
 f - a +2 robe of resistance
 w - a +0 pair of boots (worn)
Jewellery
 a - a +5 ring of evasion (left hand)
Wands
 B - a wand of roots (9)
Scrolls
 g - a scroll of poison {!r}
 h - a scroll of immolation {!r}
 j - 5 scrolls of identify
 l - a scroll of fog
Potions
 d - a potion of magic
 i - 2 potions of might {unknown}
 n - 2 potions of haste {unknown}
 o - 2 potions of heal wounds {unknown}
 q - a potion of invisibility {unknown}
 s - 2 potions of curing
 t - a potion of attraction {unknown}
 u - a potion of brilliance {unknown}
 v - a potion of mutation {unknown}
 C - a potion of enlightenment {unknown}
 F - a potion of lignification {unknown}


   Skills:
 + Level 6.2 Fighting
 + Level 5.5 Armour
 - Level 1.7 Dodging
 - Level 1.8 Stealth
 - Level 3.0 Spellcasting
 - Level 1.5 Conjurations
 - Level 4.6 Summonings
 + Level 3.5 Translocations


You had 8 spell levels left.
You knew the following spells:

 Your Spells              Type           Power      Damage    Failure   Level
a - Magic Dart            Conj           16%        1d3       16%         1
b - Blink                 Tloc           14%        N/A       11%         2
x - Call Imp              Summ           18%        N/A       7%          2

Your spell library contained the following spells:

 Spells                   Type           Power      Damage    Failure   Level
 Lesser Beckoning         Tloc           14%        N/A       11%         2
 Momentum Strike          Conj/Tloc      10%        3d8       16%         2
 Slow                     Hex            4%         N/A       30%         1
 Cigotuvi's Dreadful Rot  Necr/Pois/Air  2%         N/A       41%         2
 Mephitic Cloud           Conj/Pois/Air  2%         N/A       58%         3
 Confusing Touch          Hex            1%         N/A       65%         3
 Sigil of Binding         Hex            1%         N/A       65%         3
 Vampiric Draining        Necr           1%         2d6       65%         3


Dungeon Overview and Level Annotations

Branches:
Dungeon (7/15)             Temple (1/1) D:5

Altars:
Ashenzari
Cheibriados
Fedhas
Hepliaklqana
Kikubaaqudgha
Makhleb
Nemelex Xobeh
Ru
Trog
Vehumet
Wu Jian
Xom
Yredelemnul

Shops:
D:2 *=(   D:3 *

Annotations:
D:5 Edmund


Innate Abilities, Weirdness & Mutations

You are partially covered in molten scales. (AC +2)
You are partially covered in sharp spines.
A meltable shield of frost defends you. (SH +4)
You have a tail ending in a sharp stinger.


Message History

* * * LOW HITPOINT WARNING * * *
Your cerulean imp barely misses the wight.
The wight hits your cerulean imp with a +2 scimitar!
Your cerulean imp dies!
Your cerulean imp disappears in a puff of smoke!
The iguana misses you.
A wight comes into view. It is wielding a +3 great sword.
You completely miss the iguana.
The iguana is heavily wounded.
The iguana bites you.
* * * LOW HITPOINT WARNING * * *
The wight closely misses you.
The wight hits you from afar with a +4 spear of freezing.
* * * LOW HITPOINT WARNING * * *
The iguana attacks as it pursues you! The iguana closely misses you.
The iguana is struck by your spines. The iguana completely misses you.
The wight barely misses you. The wight attacks as it pursues you!
The wight closely misses you. The wight closely misses you.
There is a stone staircase leading up here.
The iguana hisses menacingly.
The iguana closely misses you.
The wight hits you from afar with a +4 spear of freezing!
* * * LOW HITPOINT WARNING * * *
You climb upwards.
Level annotation: Edmund
There is a stone staircase leading down here.
Okay, then.
Okay, then.
Casting: Magic Dart (safe; 16% risk of failure)
Confirm with . or Enter, or press ? or * to list all spells.
A tiny devil pulls itself out of the air.
The wight barely misses you. The iguana closely misses you.
The wight is struck by your spines. The wight closely misses you.
You puncture the iguana!
You kill the iguana!
The wight misses you. The wight hits you with a +2 scimitar!
* * * LOW HITPOINT WARNING * * *
You feel drained.
You die...

#....##.....#.............[..####
......#.†...#......>.........###.
..#...#.....#............÷.....#.
.##......................<.......
..#...................###.....#.#
#.......#.#...........##.......##
###.....###.......##...#.####...#
#.......##.....z###.....#####...
##..#........5.@.#####..#..###..
###.............z#..##..........
#.........................##....
##................##....<.......
##..........##...###.......#...
##........###...........##....
#........##......##..###.....
#.........#.......#..[ ....##
#####.......#.......... #.# .#


You could see 2 wights and a friendly cerulean imp (summoned).

Vanquished Creatures
  2 black bears
  A phantom (D:6)
  3 kobold brigands (D:3)
  6 scorpions
  A bullfrog (D:6)
  2 howler monkeys (D:6)
  A jelly (D:6)
  An orc priest (D:6)
  A hound (D:4)
  2 iguanas (D:5)
  2 orc wizards (D:6)
  A sleepcap (D:6)
  12 gnolls (D:3)
  7 adders
  A shadow imp (D:5)
  A white imp (D:6)
  A worm (D:4)
  2 dart slugs
  12 orcs
  5 bats
  11 endoplasms
  2 giant cockroaches
  12 goblins
  9 hobgoblins
  3 jackals (D:1)
  4 quokkas
  8 ball pythons
  A frilled lizard (D:2)
  50 kobolds
  3 rats
167 creatures vanquished.

Vanquished Creatures (collateral kills)
  A hound (D:4)
  A jelly (D:6)
  3 adders
  A white imp (D:5)
  A worm (D:4)
  A dart slug (D:1)
  An orc (D:5)
  A ball python (D:2)
  2 endoplasms
  3 goblins
  6 hobgoblins
  A jackal (D:1)
  3 kobolds
  2 rats
27 creatures vanquished.

Vanquished Creatures (others)
  A human (D:4)
  An orc wizard (D:5)
2 creatures vanquished.

Grand Total: 196 creatures vanquished

Notes
Turn   | Place    | Note
-------+----------+-------------------------------------------
     0 | D:1      | olourkin the Demonspawn Hedge Wizard began the quest for
                  | the Orb.
     0 | D:1      | Reached XP level 1. HP: 13/13 MP: 4/4
   349 | D:1      | Gained mutation: You are partially covered in molten
                  | scales. (AC +2) [demonic ancestry]
   349 | D:1      | Reached XP level 2. HP: 16/20 MP: 6/6
   455 | D:1      | Reached skill level 1 in Fighting
   505 | D:1      | Reached skill level 1 in Armour
   696 | D:1      | Learned a level 2 spell: Call Imp
   699 | D:1      | Learned a level 2 spell: Blink
   830 | D:1      | Gained mutation: You are partially covered in sharp spines.
                  | [demonic ancestry]
   830 | D:1      | Reached XP level 3. HP: 26/26 MP: 5/7
  1619 | D:2      | Reached skill level 2 in Fighting
  1624 | D:2      | Reached XP level 4. HP: 31/33 MP: 6/8
  1640 | D:2      | Found Ytaqo's Assorted Antiques.
  1883 | D:2      | Found Guacisch's Jewellery Boutique.
  2151 | D:2      | Found Waopsui's Weapon Shoppe.
  2620 | D:3      | Found Zomis's Assorted Antiques.
  3177 | D:3      | Gained mutation: A meltable shield of frost defends you.
                  | (SH +4) [demonic ancestry]
  3177 | D:3      | Reached XP level 5. HP: 21/39 MP: 9/9
  3312 | D:3      | Reached skill level 3 in Fighting
  3398 | D:3      | Gained mutation: You have a small tail. [demonic ancestry]
  3398 | D:3      | Reached XP level 6. HP: 26/47 MP: 10/10
  3942 | D:3      | Reached skill level 4 in Fighting
  4318 | D:4      | Gained mutation: You have a tail ending in a sharp stinger.
                  | [demonic ancestry]
  4318 | D:4      | Reached XP level 7. HP: 52/54 MP: 9/11
  4464 | D:4      | Found an ancient bone altar of Kikubaaqudgha.
  4546 | D:4      | Noticed a human
  4547 | D:4      | Killed a human
  4605 | D:4      | Found a radiant altar of Vehumet.
  4694 | D:4      | Found a snail-covered altar of Cheibriados.
  5394 | D:5      | Entered Level 5 of the Dungeon
  5540 | D:5      | Identified the +7 dagger "Yneaxug" {heavy, +Blink rF+ rC+
                  | Int-5}
  5637 | D:5      | Reached skill level 1 in Translocations
  5679 | D:5      | Reached skill level 5 in Fighting
  5849 | D:5      | Found a staircase to the Ecumenical Temple.
  5855 | Temple   | Entered the Ecumenical Temple
  6083 | D:5      | Noticed Edmund
  6123 | D:6      | Reached XP level 8. HP: 61/62 MP: 12/12
  6418 | D:6      | Reached skill level 5 in Armour
  7115 | D:6      | Reached skill level 6 in Fighting
  7143 | D:5      | HP: 2/64 [wight/+2 scimitar (10)]
  7143 | D:5      | Slain by a wight

Illustrated notes

Levels and vault maps discovered:
D:1:      nagdon_arrival_double_spiral, layout_basic
D:2:      layout_basic, serial_shops, shop_coins,
          nicolae_shop_bloodbath_and_beyond, nicolae_shop_just_a_little_nook
D:3:      minmay_goblin_kobold_castle, layout_loops_ring,
          mainiacjoe_overflow_catwalk, serial_shops, nicolae_shop_statue_plus,
          minmay_vboxes
D:4:      layout_loops_ring, overflow_temple_1_default, tgw_kikubaaqudgha,
          kennysheep_mini_moat, cheibrodos_worm_habitat, minmay_surrounded
D:5:      layout_cave_pools, minmay_temple_entry_enclosed_plants, uniq_edmund
D:6:      layout_cave_pods
D:7:      layout_loops_ring, mainiacjoe_overflow_six_doors_small,
          enter_bailey_3, uniq_maurice
Temple:   dpeg_chambers_temple

Skill      XL: |  1  2  3  4  5  6  7  8 |
---------------+-------------------------+-----
Fighting       | 1 2 3 4 5 6 |  6.2
Armour         | 1 2 3 4 5 |  5.5
Summonings     | 2 3 4 |  4.6
Translocations | 2 3 |  3.5
Dodging        | |  1.7
Stealth        | |  1.8
Spellcasting   | |  3.0
Conjurations   | |  1.5

Action                     |  1- 3 |  4- 6 |  7- 9 || total
---------------------------+-------+-------+-------++-------
  Melee: Short sword       |    74 |     4 |       ||    78
         Dagger            |     1 |       |    75 ||    76
         Punch             |     1 |     1 |     2 ||     4
         Whip              |       |   160 |    58 ||   218
         Tailslap          |       |    17 |    16 ||    33
   Cast: Magic Dart        |    23 |     9 |     3 ||    35
         Call Imp          |    14 |    12 |    29 ||    55
    Use: Scroll            |       |       |     8 ||     8
   Stab: Sleeping          |     5 |     3 |     2 ||    10
         Distracted        |       |       |     2 ||     2
 Armour: Robe              |    66 |    90 |    95 ||   251
  Dodge: Dodged            |    48 |    93 |   111 ||   252
  Block: Other             |       |    20 |    23 ||    43

Table legend: (Time is in decaauts)
 A = Elapsed time spent in this place.
 B = Non-inter-level travel time spent in this place.
 C = Inter-level travel time spent in this place.
 D = Time resting spent in this place.
 E = Time spent auto-exploring this place.
 F = Levels seen in this place.
 G = Mean time per level.
                   A        B        C        D        E       F      G
               +--------+--------+--------+--------+--------+-----+--------+
         Total |   7216 |   7038 |    178 |   2362 |   3027 |   8 |  902.0 |
       Dungeon |   7214 |   7036 |    178 |   2362 |   3027 |   7 | 1030.6 |
        Temple |      1 |      1 |      0 |      0 |      0 |   1 |    1.0 |
               +--------+--------+--------+--------+--------+-----+--------+

Top non-repeatable levels by time:
     D:3: 1742 daAuts
     D:1: 1464 daAuts
     D:4: 1129 daAuts
     D:2: 1116 daAuts
     D:6: 985 daAuts
     D:5: 709 daAuts
     D:7: 66 daAuts
  Temple: 1 daAuts
